| TOP OF THE 1ST |
|
Kennewick Bear Cubs batting - Pitching for Renton Wrecks : RHP James Laughton
|
|
Pitching: RHP James Laughton
|
|
|
Batting: RHB Matthew Sferrazza
|
0-0: Ball 1-0: SINGLE (Groundball, 56D, EV 107.5 MPH)
|
|
Batting: LHB Steven Morris
|
0-0: Ball Matthew Sferrazza steals 2nd base 1-0: Called Strike 1-1: Foul Ball, location: 2F 1-2: Ground out 6-3 (Groundball, 6M, EV 100.0 MPH) Matthew Sferrazza to third
|
|
Batting: LHB Jose Birriel
|
0-0: Ball 1-0: Called Strike 1-1: Ball 2-1: Ball 3-1: Base on Balls
|
|
Batting: RHB Jonathan Black
|
0-0: Ball 1-0: Foul Ball, location: 2F 1-1: Swinging Strike 1-2: Foul Ball, location: 2F 1-2: 3-RUN HOME RUN (Flyball, 7LD, EV 93.8 MPH), Distance : 346 ft
|
|
Batting: RHB Roger Jensen
|
0-0: Ball 1-0: Ball 2-0: Called Strike 2-1: Ball 3-1: Foul Ball, location: 2F 3-2: Base on Balls
|
|
Batting: RHB Ruben Machado
|
0-0: Ball 1-0: Grounds into double play, 4-6-3 (Groundball, 4, EV 88.8 MPH)
|
| Top of the 1st over - 3 runs, 2 hits, 0 errors, 0 left on base; Kennewick 3 - Renton 0 |
| BOTTOM OF THE 1ST |
|
Renton Wrecks batting - Pitching for Kennewick Bear Cubs : LHP Kevin Brown
|
|
Pitching: LHP Kevin Brown
|
|
|
Batting: RHB Julian Gutierrez
|
0-0: Ground out 1-3 (Groundball, 34S, EV 65.6 MPH)
|
|
Batting: SHB Ethan Charles
|
0-0: Ball 1-0: Fly out, F7 (Flyball, 7LS, EV 86.9 MPH)
|
|
Batting: RHB Luis Gomez
|
0-0: Swinging Strike 0-1: Foul Ball, location: 2F 0-2: Foul Ball, location: 2F 0-2: Strikes out swinging
|
| Bottom of the 1st over - 0 runs, 0 hits, 0 errors, 0 left on base; Kennewick 3 - Renton 0 |
| TOP OF THE 2ND |
|
Kennewick Bear Cubs batting - Pitching for Renton Wrecks : RHP James Laughton
|
|
Batting: SHB Eriberto Them
|
0-0: Ball 1-0: Swinging Strike 1-1: SINGLE (Groundball, 56S, EV 73.1 MPH) (infield hit)
|
|
Batting: LHB Shane Fairbanks
|
0-0: Ball 1-0: Fly out, F4 (Flyball, 4D, EV 86.3 MPH)
|
|
Batting: LHB John Mizerock
|
0-0: Ball 1-0: Foul Ball, location: 2F 1-1: Called Strike 1-2: Ball 2-2: Strikes out swinging
|
|
Batting: RHB Matthew Sferrazza
|
0-0: Ball 1-0: Fielders Choice at 2nd, 6-4 (Groundball, 6, EV 82.5 MPH)
|
| Top of the 2nd over - 0 runs, 1 hit, 0 errors, 1 left on base; Kennewick 3 - Renton 0 |
| BOTTOM OF THE 2ND |
|
Renton Wrecks batting - Pitching for Kennewick Bear Cubs : LHP Kevin Brown
|
|
Batting: RHB Stan Holmes
|
0-0: Called Strike 0-1: Called Strike 0-2: Foul Ball, location: 2F 0-2: Strikes out swinging
|
|
Batting: RHB Frank Garcia
|
0-0: Ball 1-0: Swinging Strike 1-1: Ball 2-1: DOUBLE (Line Drive, 9LD, EV 100.0 MPH)
|
|
Batting: LHB Troy Thomas
|
0-0: Foul Ball, location: 2F Balk! Frank Garcia to third 0-1: Called Strike 0-2: Ball 1-2: SINGLE (Groundball, 6MD, EV 96.9 MPH) Frank Garcia scores
|
|
Batting: RHB Mike Knox
|
0-0: Swinging Strike 0-1: Ball 1-1: Called Strike 1-2: Ball 2-2: Grounds into double play, 5-4-3 (Groundball, 56S, EV 84.4 MPH)
|
| Bottom of the 2nd over - 1 run, 2 hits, 0 errors, 0 left on base; Kennewick 3 - Renton 1 |
| TOP OF THE 3RD |
|
Kennewick Bear Cubs batting - Pitching for Renton Wrecks : RHP James Laughton
|
|
Batting: LHB Steven Morris
|
0-0: Called Strike 0-1: Ground out 6-3 (Groundball, 6, EV 103.1 MPH)
|
|
Batting: LHB Jose Birriel
|
0-0: Ball 1-0: Called Strike 1-1: Ground out U3 (Groundball, 3L, EV 103.1 MPH)
|
|
Batting: RHB Jonathan Black
|
0-0: Ball 1-0: SINGLE (Line Drive, 3D, EV 96.9 MPH)
|
|
Batting: RHB Roger Jensen
|
0-0: Ball 1-0: Ball 2-0: Ball 3-0: Called Strike 3-1: SINGLE (Groundball, 6MD, EV 99.4 MPH) Jonathan Black to second Runner from 2nd tries for 3rd, SAFE, throw by CF made to third
|
|
Batting: RHB Ruben Machado
|
0-0: Ground out U3 (Groundball, 3S, EV 87.5 MPH)
|
| Top of the 3rd over - 0 runs, 2 hits, 0 errors, 2 left on base; Kennewick 3 - Renton 1 |
| BOTTOM OF THE 3RD |
|
Renton Wrecks batting - Pitching for Kennewick Bear Cubs : LHP Kevin Brown
|
|
Batting: LHB Paul Thoutsis
|
0-0: Ground out 4-3 (Groundball, 4, EV 78.1 MPH)
|
|
Batting: LHB Christian Bryeans
|
0-0: Ball 1-0: Swinging Strike 1-1: Ball 2-1: Foul Ball, location: 2F 2-2: Ball 3-2: Strikes out swinging
|
|
Batting: RHB Julian Gutierrez
|
0-0: Ball 1-0: Ball 2-0: Ball 3-0: Called Strike 3-1: DOUBLE (Line Drive, 9LS, EV 95.0 MPH)
|
|
Batting: SHB Ethan Charles
|
0-0: Ball 1-0: Called Strike 1-1: Ball 2-1: Fly out, F4 (Popup, 34S, EV 85.0 MPH)
|
| Bottom of the 3rd over - 0 runs, 1 hit, 0 errors, 1 left on base; Kennewick 3 - Renton 1 |
| TOP OF THE 4TH |
|
Kennewick Bear Cubs batting - Pitching for Renton Wrecks : RHP James Laughton
|
|
Batting: SHB Eriberto Them
|
0-0: Ball 1-0: Ball 2-0: Ball 3-0: Called Strike 3-1: Base on Balls
|
|
Batting: LHB Shane Fairbanks
|
0-0: Swinging Strike 0-1: Called Strike Eriberto Them steals 2nd base 0-2: Ball 1-2: SINGLE (Line Drive, 6M, EV 101.3 MPH) Eriberto Them to third
|
|
Batting: LHB John Mizerock
|
0-0: Ball 1-0: Swinging Strike 1-1: Ball 2-1: Ground out 3-1 (Groundball, 34S, EV 80.0 MPH) Eriberto Them scores Shane Fairbanks to second
|
|
Batting: RHB Matthew Sferrazza
|
0-0: Ball 1-0: Ground out 6-3 (Groundball, 6, EV 100.6 MPH)
|
|
Batting: LHB Steven Morris
|
0-0: Called Strike 0-1: Swinging Strike 0-2: Foul Ball, location: 2F 0-2: Ball 1-2: Ball 2-2: Strikes out swinging
|
| Top of the 4th over - 1 run, 1 hit, 0 errors, 1 left on base; Kennewick 4 - Renton 1 |
| BOTTOM OF THE 4TH |
|
Renton Wrecks batting - Pitching for Kennewick Bear Cubs : LHP Kevin Brown
|
|
Batting: RHB Luis Gomez
|
0-0: Ball 1-0: Ball 2-0: Ball 3-0: Base on Balls
|
|
Batting: RHB Stan Holmes
|
0-0: Grounds out, U3 (Groundball, 3L, EV 82.5 MPH)
|
|
Batting: RHB Frank Garcia
|
0-0: Ball 1-0: Ball 2-0: Ball 3-0: Called Strike 3-1: Base on Balls
|
|
Batting: LHB Troy Thomas
|
0-0: Ball 1-0: Swinging Strike 1-1: Ball 2-1: Swinging Strike 2-2: Ball 3-2: Ground out 4-3 (Groundball, 13, EV 90.0 MPH) Luis Gomez to third Frank Garcia to second
|
|
Batting: RHB Mike Knox
|
0-0: Called Strike 0-1: Foul Ball, location: 2F 0-2: Ball 1-2: Fly out, F7 (Flyball, 7, EV 76.9 MPH)
|
| Bottom of the 4th over - 0 runs, 0 hits, 0 errors, 2 left on base; Kennewick 4 - Renton 1 |
| TOP OF THE 5TH |
|
Kennewick Bear Cubs batting - Pitching for Renton Wrecks : RHP James Laughton
|
|
Batting: LHB Jose Birriel
|
0-0: Swinging Strike 0-1: Foul Ball, location: 2F 0-2: SINGLE (Flyball, 56D, EV 83.8 MPH)
|
|
Batting: RHB Jonathan Black
|
0-0: Foul Ball, location: 2F 0-1: Grounds into double play, 5-4-3 (Groundball, 5, EV 85.0 MPH)
|
|
Batting: RHB Roger Jensen
|
0-0: Called Strike 0-1: SINGLE (Line Drive, 89S, EV 89.4 MPH)
|
|
Batting: RHB Ruben Machado
|
0-0: Ball 1-0: Foul Ball, location: 2F 1-1: Fly out, F3 (Popup, 34S, EV 71.9 MPH)
|
| Top of the 5th over - 0 runs, 2 hits, 0 errors, 1 left on base; Kennewick 4 - Renton 1 |
| BOTTOM OF THE 5TH |
|
Renton Wrecks batting - Pitching for Kennewick Bear Cubs : LHP Kevin Brown
|
|
Batting: LHB Paul Thoutsis
|
0-0: Ball 1-0: Reached on error, E6 (Groundball, 6, EV 101.9 MPH)
|
|
Batting: LHB Christian Bryeans
|
0-0: Ball 1-0: SINGLE (Flyball, 5D, EV 96.3 MPH) Paul Thoutsis to second
|
|
Batting: RHB Julian Gutierrez
|
0-0: Called Strike 0-1: Swinging Strike 0-2: Ball 1-2: Strikes out swinging
|
|
Batting: SHB Ethan Charles
|
0-0: Ball 1-0: Called Strike 1-1: Ball 2-1: Grounds into double play, 6-4-3 (Groundball, 6, EV 83.8 MPH)
|
| Bottom of the 5th over - 0 runs, 1 hit, 1 error, 1 left on base; Kennewick 4 - Renton 1 |
| TOP OF THE 6TH |
|
Kennewick Bear Cubs batting - Pitching for Renton Wrecks : RHP James Laughton
|
|
Batting: SHB Eriberto Them
|
0-0: Ball 1-0: Swinging Strike 1-1: Swinging Strike 1-2: Ball 2-2: Ball 3-2: Ground out 6-3 (Groundball, 6, EV 87.5 MPH)
|
|
Batting: LHB Shane Fairbanks
|
0-0: Called Strike 0-1: Ball 1-1: Foul Ball, location: 2F 1-2: Ball 2-2: Fly out, F7 (Line Drive, 7D, EV 93.1 MPH)
|
|
Batting: LHB John Mizerock
|
0-0: Fly out, F8 (Line Drive, 8RD, EV 107.5 MPH)
|
| Top of the 6th over - 0 runs, 0 hits, 0 errors, 0 left on base; Kennewick 4 - Renton 1 |
| BOTTOM OF THE 6TH |
|
Renton Wrecks batting - Pitching for Kennewick Bear Cubs : LHP Kevin Brown
|
|
Batting: RHB Luis Gomez
|
0-0: Ball 1-0: Foul Ball, location: 2F 1-1: Ball 2-1: Swinging Strike 2-2: Fly out, F8 (Flyball, 8RM, EV 88.1 MPH)
|
|
Batting: RHB Stan Holmes
|
0-0: SINGLE (Groundball, 6MS, EV 90.0 MPH) (infield hit)
|
|
Batting: RHB Frank Garcia
|
0-0: Ball 1-0: Ball 2-0: Ball 3-0: Base on Balls Stan Holmes to second
|
|
Batting: LHB Troy Thomas
|
0-0: Called Strike 0-1: Ball 1-1: Foul Ball, location: 2F 1-2: Foul Ball, location: 2F 1-2: Foul Ball, location: 2F 1-2: Strikes out looking
|
|
Batting: RHB Mike Knox
|
0-0: Called Strike 0-1: Ball 1-1: Foul Ball, location: 2F 1-2: Foul Ball, location: 2F 1-2: SINGLE (Line Drive, 6D, EV 100.6 MPH) Stan Holmes to third Frank Garcia to second
|
|
Batting: LHB Paul Thoutsis
|
0-0: Foul Ball, location: 2F 0-1: SINGLE (Line Drive, 4MD, EV 96.9 MPH) Stan Holmes scores Frank Garcia to third Mike Knox to second Runner from 3rd tries for Home, SAFE, throw by CF to home
|
|
Batting: LHB Christian Bryeans
|
0-0: Ball 1-0: Ball 2-0: Called Strike 2-1: Called Strike 2-2: Strikes out swinging
|
| Bottom of the 6th over - 2 runs, 3 hits, 0 errors, 2 left on base; Kennewick 4 - Renton 3 |
| TOP OF THE 7TH |
|
Kennewick Bear Cubs batting - Pitching for Renton Wrecks : RHP James Laughton
|
|
Batting: RHB Matthew Sferrazza
|
0-0: Ball 1-0: Ball 2-0: Ball 3-0: Called Strike 3-1: Fly out, F1 (Line Drive, P, EV 68.8 MPH)
|
|
Batting: LHB Steven Morris
|
0-0: Foul Ball, location: 2F 0-1: Ball 1-1: Called Strike 1-2: DOUBLE (Flyball, 78XD, EV 99.4 MPH)
|
|
Batting: LHB Jose Birriel
|
0-0: Called Strike 0-1: Foul Ball, location: 2F 0-2: Ball 1-2: Foul Ball, location: 2F 1-2: Ball 2-2: Ball 3-2: Foul Ball, location: 2F 3-2: Fly out, F5 (Popup, 5F, EV 58.8 MPH)
|
|
Batting: RHB Jonathan Black
|
0-0: Called Strike 0-1: Foul Ball, location: 2F 0-2: Fly out, F8 (Flyball, 8RS, EV 94.4 MPH)
|
| Top of the 7th over - 0 runs, 1 hit, 0 errors, 1 left on base; Kennewick 4 - Renton 3 |
| BOTTOM OF THE 7TH |
|
Renton Wrecks batting - Pitching for Kennewick Bear Cubs : LHP Kevin Brown
|
|
Pitching: RHP Bryan Funk
|
|
|
Batting: RHB Julian Gutierrez
|
0-0: Called Strike 0-1: Ball 1-1: Ground out 5-3 (Groundball, 56, EV 100.6 MPH)
|
|
Batting: SHB Ethan Charles
|
0-0: Swinging Strike 0-1: Ball 1-1: Ball 2-1: Swinging Strike 2-2: SINGLE (Line Drive, 89S, EV 94.4 MPH)
|
|
Batting: RHB Luis Gomez
|
0-0: Ball Ethan Charles steals 2nd base 1-0: Ball 2-0: Ground out 4-3 (Groundball, 4M, EV 85.0 MPH) Ethan Charles to third
|
|
Batting: RHB Stan Holmes
|
0-0: 2-RUN HOME RUN (Flyball, 7D, EV 94.4 MPH), Distance : 375 ft
|
|
Batting: RHB Frank Garcia
|
0-0: Ball 1-0: Ball 2-0: Foul Ball, location: 2F 2-1: Fly out, F8 (Flyball, 8LD, EV 107.5 MPH)
|
| Bottom of the 7th over - 2 runs, 2 hits, 0 errors, 0 left on base; Kennewick 4 - Renton 5 |
| TOP OF THE 8TH |
|
Kennewick Bear Cubs batting - Pitching for Renton Wrecks : RHP James Laughton
|
|
Batting: RHB Roger Jensen
|
0-0: Ball 1-0: SINGLE (Line Drive, 8RS, EV 91.3 MPH)
|
|
Batting: RHB Ruben Machado
|
0-0: SINGLE (Groundball, 34D, EV 110.0 MPH) Roger Jensen to second Runner from 2nd tries for 3rd, SAFE, throw by RF made to third
|
|
Batting: SHB Eriberto Them
|
0-0: Called Strike 0-1: Ball 1-1: Ball 2-1: Ball 3-1: Base on Balls Ruben Machado to second
|
|
Pitching: RHP Mark Bersano
|
|
|
Batting: LHB Shane Fairbanks
|
0-0: Called Strike 0-1: Called Strike 0-2: Ball 1-2: Fly out, F8 (Line Drive, 8LM, EV 93.1 MPH) Runner from 3rd tags up, SCORES, no throw by CF
|
|
Batting: LHB John Mizerock
|
0-0: Ball 1-0: Ground out 4-3 (Groundball, 13, EV 90.6 MPH) Ruben Machado to third Eriberto Them to second
|
|
Batting: RHB Matthew Sferrazza
|
0-0: Called Strike 0-1: Called Strike 0-2: Ground out 6-3 (Groundball, 6D, EV 109.4 MPH)
|
| Top of the 8th over - 1 run, 2 hits, 0 errors, 2 left on base; Kennewick 5 - Renton 5 |
| BOTTOM OF THE 8TH |
|
Renton Wrecks batting - Pitching for Kennewick Bear Cubs : RHP Bryan Funk
|
|
Batting: LHB Troy Thomas
|
0-0: Fly out, F9 (Flyball, 9S, EV 83.8 MPH)
|
|
Batting: RHB Mike Knox
|
0-0: Called Strike 0-1: Foul Ball, location: 2F 0-2: SINGLE (Groundball, 6MS, EV 70.6 MPH) (infield hit)
|
|
Batting: LHB Paul Thoutsis
|
0-0: Ball 1-0: Called Strike 1-1: Ball 2-1: Fly out, F8 (Flyball, 8RD, EV 86.9 MPH)
|
|
Batting: LHB Christian Bryeans
|
0-0: Called Strike 0-1: Ground out U3 (Groundball, 3, EV 86.9 MPH)
|
| Bottom of the 8th over - 0 runs, 1 hit, 0 errors, 1 left on base; Kennewick 5 - Renton 5 |
| TOP OF THE 9TH |
|
Kennewick Bear Cubs batting - Pitching for Renton Wrecks : RHP Mark Bersano
|
|
Batting: LHB Steven Morris
|
0-0: Ball 1-0: Ball 2-0: Ball 3-0: Base on Balls
|
|
Batting: LHB Jose Birriel
|
0-0: Swinging Strike 0-1: Swinging Strike 0-2: Ball 1-2: Strikes out swinging
|
|
Batting: RHB Jonathan Black
|
0-0: Swinging Strike 0-1: Foul Ball, location: 2F 0-2: Ball 1-2: Ball 2-2: Strikes out looking
|
|
Batting: RHB Roger Jensen
|
0-0: Called Strike 0-1: Foul Ball, location: 2F 0-2: Foul Ball, location: 2F 0-2: Ball 1-2: Ball 2-2: Ball 3-2: Foul Ball, location: 2F 3-2: Foul Ball, location: 2F 3-2: Foul Ball, location: 2F 3-2: Strikes out looking
|
| Top of the 9th over - 0 runs, 0 hits, 0 errors, 1 left on base; Kennewick 5 - Renton 5 |
| BOTTOM OF THE 9TH |
|
Renton Wrecks batting - Pitching for Kennewick Bear Cubs : RHP Bryan Funk
|
|
Pitching: LHP Dan Yokubaitis
|
|
|
Batting: RHB Julian Gutierrez
|
0-0: Ball 1-0: Ball 2-0: Ball 3-0: Called Strike 3-1: Called Strike 3-2: Fly out, F7 (Flyball, 7, EV 86.9 MPH)
|
|
Batting: SHB Ethan Charles
|
0-0: Ball 1-0: Ball 2-0: Ball 3-0: Base on Balls
|
|
Batting: RHB Luis Gomez
|
0-0: Called Strike 0-1: Ball 1-1: Fly out, F9 (Line Drive, 9D, EV 90.6 MPH)
|
|
Batting: RHB Stan Holmes
|
0-0: Ball 1-0: Called Strike 1-1: Foul Ball, location: 2F 1-2: Foul Ball, location: 2F 1-2: Foul Ball, location: 2F 1-2: Ball 2-2: Strikes out looking
|
| Bottom of the 9th over - 0 runs, 0 hits, 0 errors, 1 left on base; Kennewick 5 - Renton 5 |
| TOP OF THE 10TH |
|
Kennewick Bear Cubs batting - Pitching for Renton Wrecks : RHP Mark Bersano
|
|
Batting: RHB Ruben Machado
|
0-0: Ball 1-0: Called Strike 1-1: Ball 2-1: Foul Ball, location: 2F 2-2: Foul Ball, location: 2F 2-2: Ball 3-2: Base on Balls
|
|
Pitching: RHP Keith Walsh
|
|
|
Batting: SHB Eriberto Them
|
0-0: Ball 1-0: Ball 2-0: Ball 3-0: Base on Balls Ruben Machado to second
|
|
Batting: LHB Shane Fairbanks
|
0-0: Ball 1-0: Called Strike 1-1: Foul Ball, location: 2F 1-2: Ball 2-2: Ball 3-2: Fly out, F9 (Flyball, 9S, EV 81.9 MPH)
|
|
Batting: LHB John Mizerock
|
0-0: Foul Ball, location: 2F 0-1: Called Strike 0-2: Foul Ball, location: 2F 0-2: SINGLE (Line Drive, 78S, EV 99.4 MPH) Ruben Machado to third Eriberto Them to second Runner from 3rd tries for Home, SAFE, throw by LF to home
|
|
Batting: RHB Matthew Sferrazza
|
0-0: Called Strike John Mizerock is caught stealing 2nd base 2-4 Eriberto Them steals 3rd base 0-1: Ball 1-1: 2-RUN HOME RUN (Flyball, 7D, EV 97.5 MPH), Distance : 386 ft
|
|
Batting: LHB Steven Morris
|
0-0: Ball 1-0: Foul Ball, location: 2F 1-1: Ball 2-1: Ball 3-1: Base on Balls
|
|
Batting: LHB Jose Birriel
|
0-0: Ball 1-0: Ball 2-0: Ball 3-0: Called Strike 3-1: Foul Ball, location: 2F 3-2: Foul Ball, location: 2F 3-2: Foul Ball, location: 2F 3-2: Base on Balls Steven Morris to second
|
|
Batting: RHB Jonathan Black
|
0-0: Foul Ball, location: 2F 0-1: Ball 1-1: Ball 2-1: Foul Ball, location: 2F 2-2: Fly out, F7 (Flyball, 7, EV 80.6 MPH)
|
| Top of the 10th over - 3 runs, 2 hits, 0 errors, 2 left on base; Kennewick 8 - Renton 5 |
| BOTTOM OF THE 10TH |
|
Renton Wrecks batting - Pitching for Kennewick Bear Cubs : LHP Dan Yokubaitis
|
|
Batting: RHB Frank Garcia
|
0-0: Ball 1-0: Foul Ball, location: 2F 1-1: SINGLE (Flyball, 8RS, EV 96.9 MPH)
|
|
Batting: LHB Troy Thomas
|
0-0: Called Strike 0-1: Fly out, F7 (Line Drive, 7D, EV 97.5 MPH)
|
|
Batting: RHB Mike Knox
|
0-0: Ball 1-0: Ball 2-0: Foul Ball, location: 2F 2-1: Swinging Strike 2-2: Strikes out swinging
|
|
Batting: LHB Paul Thoutsis
|
0-0: Ball 1-0: Foul Ball, location: 2F 1-1: Ball 2-1: Called Strike 2-2: Fly out, F1 (Line Drive, P, EV 66.9 MPH)
|
| Bottom of the 10th over - 0 runs, 1 hit, 0 errors, 1 left on base; Kennewick 8 - Renton 5 |
|